 Dungeon Crawl Stone Soup version 0.27-a0-277-g024f7ef292 (webtiles) character file.

Game seed: 13083887514735832548

191543 MartinH the Hoplite (level 17, -2/163 HPs)
             Began as a Minotaur Fighter on Feb 6, 2021.
             Was a High Priest of Trog.
             Slain by a ghost moth (3 damage)
             ... on level 3 of the Spider Nest on Feb 7, 2021.
             The game lasted 03:10:10 (27903 turns).

MartinH the Hoplite (Minotaur Fighter)             Turns: 27903, Time: 03:10:11

Health: -2/163     AC:  0    Str: 26 (28) XL:     17   Next: 58%
Magic:  0/17       EV: 18    Int:  0 (3)  God:    Trog [*****.]
Gold:   1682       SH:  5    Dex:  9 (10) Spells: 16/16 levels left

rFire    . . .     SeeInvis .   (weapon currently unavailable)
rCold    . . .     Faith    .   (shield currently unavailable)
rNeg     . . .     Spirit   .   (armour currently unavailable)
rPois    .         Reflect  +   (helmet currently unavailable)
rElec    .         Harm     .   (cloak currently unavailable)
rCorr    .         Rampage  .   (gloves currently unavailable)
Will     +....                  (boots currently unavailable)
Stlth    +.........             O - amulet of reflection
HPRegen  0.37/turn              (ring currently unavailable)
MPRegen  0.15/turn              (ring currently unavailable)

@: pig-form, slowed, lost intelligence, studying Axes
A: small, (retaliatory headbutt), dopey 1, high mp 1, wild magic 1, MP-powered
wands
}: 1/15 runes: decaying
a: Renounce Religion, Berserk, Trog's Hand, Brothers in Arms


You were on level 3 of the Spider Nest.
You worshipped Trog.
Trog was extremely pleased with you.
You were a filthy swine.
You visited 5 branches of the dungeon, and saw 23 of its levels.
You also visited: Bailey.

You collected 2446 gold pieces.
You spent 764 gold pieces at shops.

Inventory:

Hand Weapons
 a - a +0 broad axe of draining
 d - a +4 war axe of flaming
 B - a +0 antimagic broad axe
 S - a +9 vorpal broad axe (melded)
Missiles
 K - 5 boomerangs of dispersal
Armour
 h - a +2 tower shield of reflection (melded)
 A - a +1 pair of gloves (melded)
 H - a +2 pair of boots of stealth (melded)
 N - the +0 cloak of Ufuciufy (melded) {rN+ Str+5}
   (You found it on level 3 of the Swamp)

   It affects your strength (+5).
   It protects you from negative energy.
 Q - a +1 chain mail of fire resistance
 T - a +3 plate armour of cold resistance (melded)
Jewellery
 p - a ring of poison resistance (melded)
 q - an uncursed amulet of regeneration
 v - an uncursed ring of protection from cold
 x - the ring of the Tortoise (melded) {AC+8}
   (You found it on level 6 of the Dungeon)

   [ring of protection]

   It affects your AC (+8).
 E - a +6 ring of strength
 F - an uncursed ring of see invisible
 I - a +6 ring of strength
 L - an uncursed ring of protection from fire
 O - an amulet of reflection (around neck)
 U - a +6 ring of strength
Wands
 e - a wand of charming (24)
 k - a wand of digging (18)
 r - a wand of acid (30) (quivered)
 D - a wand of iceblast (9)
Scrolls
 f - 14 scrolls of remove curse
 l - 5 scrolls of fear
 o - 6 scrolls of fog
 t - 6 scrolls of magic mapping
 u - 19 scrolls of teleportation
 y - a scroll of summoning
 z - a scroll of silence
 C - 5 scrolls of blinking
 J - 10 scrolls of identify
Potions
 i - a potion of resistance
 j - 5 potions of flight
 m - a potion of cancellation
 n - a potion of haste {unknown}
 w - 2 potions of magic
 G - a potion of ambrosia
 R - 2 potions of lignification
Miscellaneous
 b - a tin of tremorstones (2/2)
 c - a lightning rod (4/4)
 M - a phantom mirror
 P - a box of beasts


   Skills:
 + Level 17.9 Fighting
 - Level 17.9(18.0) Axes
 - Level 0.2(12.1) Maces & Flails
 - Level 11.7 Armour
 - Level 11.1 Dodging
 - Level 0.5 Stealth
 * Level 21.8 Shields
 + Level 3.0 Evocations


You had 16 spell levels left.
You didn't know any spells.
Your spell library contained the following spells:

 Spells                   Type           Power        Failure   Level
 Magic Dart               Conj           0%           67%         1
 Blink                    Tloc           N/A          82%         2
 Call Imp                 Summ           0%           82%         2
 Slow                     Hex            0%           82%         2
 Conjure Flame            Conj/Fire      0%           95%         3
 Mephitic Cloud           Conj/Pois/Air  0%           95%         3


Dungeon Overview and Level Annotations

Branches:
Dungeon (9/15)             Temple (1/1) D:7            Lair (6/6) D:8
  Swamp (4/4) Lair:4       Spider (3/4) Lair:4        Slime (0/5) Lair:6
    Orc (0/2) D:9          Bailey (visited)

Altars:
Ashenzari
Cheibriados
Dithmenos
Elyvilon
Fedhas
Gozag
Hepliaklqana
Kikubaaqudgha
Makhleb
Nemelex Xobeh
Okawaru
Qazlal
Ru
Sif Muna
Trog
Uskayaw
Vehumet
Wu Jian
Xom
Yredelemnul
Zin
The Shining One

Shops:
D:6 *   D:8 =   D:9 :

Annotations:
Lair:4 exclusion: 3 oklob plants
Swamp:1 Roxanne
Spider:3 Kirke


Innate Abilities, Weirdness & Mutations

((You reflexively headbutt those who attack you in melee.))
((You have a pair of horns on your head.))
You are dopey. (Int -2)
You have an increased reservoir of magic. (+10% MP)
Your spells are a little harder to cast, but a little more powerful.
You expend magic power (3 MP) to strengthen your wands.


Message History

Something stings you!
* * * LOW HITPOINT WARNING * * *
Kirke hits you!
* * * LOW HITPOINT WARNING * * *
You can move again.
You see here a tarantella corpse.
You feel you are being watched by something. x2
Something hits you!
* * * LOW HITPOINT WARNING * * *
You feel weakened. Something hits you.
* * * LOW HITPOINT WARNING * * *
Something stings you.
* * * LOW HITPOINT WARNING * * *
You feel much better. Something hits you!
* * * LOW HITPOINT WARNING * * *
Something hits you!
* * * LOW HITPOINT WARNING * * *
Something stings you.
You die...

#.....^....###..#.. ^#
#..#.#.##..@..??# ..#.
. #........##.#s.#..../
#. #†#.#.#...#.††..# #.
##†.†.#.###s.#^s#.#
#..#..##s##.s...###s#>#
.#.^.#..^†.s.#^.##....#
.....<.#††#.#.....# #.s
...>###.h##..s#^#..#
#.#
.####...#^.#s.........
..
#....†.##.###.#.#.#.# #
...#..#..##.>.##...## #
#..#<.###... ###.^
#..#...# #..# .#. ...
###..# #... ^ ...#
##... .^. . ..##


You could see 3 orb spiders.

Vanquished Creatures
  Arachne (Spider:2)
  2 tentacled monstrosities (Swamp:3)
  3 thorn hunters
  Donald (Swamp:1)
  A fenstrider witch (Swamp:3)
  The ghost of p0werm0de the Cleaver, a journeyman DDFi of Makhleb (Swamp:4)
  2 ghost moths
  Louise (Swamp:2)
  An emperor scorpion (Spider:3)
  9 bunyips
  2 entropy weavers (Spider:2)
  A dire elephant (Lair:6)
  5 eleionomae
  A fire dragon (Lair:6)
  The ghost of Borgoz the Fighter, a journeyman GrGl of Okawaru (Lair:2)
  Josephine (Lair:6)
  2 ghost crabs (Swamp:2)
  2 spriggan air magi
  23 hydras
  2 two-headed ogres
  3 death yaks (Lair:4)
  10 alligators
  2 spriggan berserkers
  Sonja (Lair:6)
  11 goliath frogs
  4 spriggan druids
  2 death drakes
  12 swamp dragons
  Pikel (D:8)
  2 fenstrider witch simulacra (Swamp:4)
  11 bog bodies
  An orange crystal statue (Swamp:3)
  15 wolf spiders
  2 oklob plants (Lair:4)
  14 orb spiders
  A manticore (Lair:6)
  4 spectral spriggans (Swamp:4)
  8 will-o-the-wisps
  28 elephants
  A torpor snail (Lair:6)
  5 black mambas
  6 cane toads
  12 komodo dragons
  5 demonic crawlers
  5 rime drakes
  23 jumping spiders
  6 hornets
  4 slime creatures (Lair:6)
  14 tyrant leeches
  13 polar bears
  11 blink frogs
  A raiju (Lair:6)
  32 redbacks
  Sigmund (D:3)
  20 tarantellas
  4 wraiths (Lair:6)
  7 spriggans
  2 wyverns
  A hog (Spider:3)
  52 yaks
  2 basilisks
  4 steam dragons (Lair:6)
  7 wargs
  21 swamp worms
  18 water moccasins
  14 hell hounds (Lair:6)
  14 orc warriors
  9 swamp drakes
  13 black bears
  2 sky beasts
  An ice beast (D:6)
  An ogre (D:7)
  52 wolves
  3 centaurs
  4 lemures (D:8)
  The ghost of Borgoz the Cudgeller, an amateur GrGl (D:4)
  Blork the orc (D:5)
  16 bullfrogs
  11 killer bees (D:9)
  10 wights
  5 howler monkeys
  An electric eel (Lair:4)
  A quasit (D:7)
  A bullfrog zombie (D:5)
  10 orc priests
  A bullfrog skeleton (D:6)
  6 hounds
  4 iguanas
  A gnoll shaman (D:5)
  10 orc wizards
  11 worker ants
  A killer bee zombie (D:5)
  3 hound zombies
  11 adders
  15 gnolls
  A shadow imp (D:5)
  4 white imps
  An ooze (D:1)
  An adder skeleton (D:6)
  6 worms
  A dart slug (D:2)
  3 leopard geckos
  68 orcs
  4 bats
  2 giant cockroaches
  4 goblins
  7 hobgoblins
  5 jackals (D:2)
  7 kobolds
  6 quokkas
  5 frilled lizards
  A leopard gecko skeleton (D:4)
  A leopard gecko zombie (D:8)
  6 rats
837 creatures vanquished.

Vanquished Creatures (collateral kills)
  A thorn hunter (Swamp:3)
  An eleionoma (Swamp:2)
  A spectral fenstrider witch (Swamp:4)
  3 hydras
  A death drake (Swamp:3)
  2 bog bodies
  A swamp dragon (Swamp:4)
  A fenstrider witch simulacrum (Swamp:4)
  A will-o-the-wisp (Swamp:2)
  A death drake simulacrum (Swamp:4)
  A swamp drake (Swamp:4)
  A spriggan simulacrum (Swamp:4)
15 creatures vanquished.

Vanquished Creatures (others)
  A bog body (Swamp:2)
  A bloated husk (Swamp:4)
  2 hornets (Swamp:2)
  2 spriggans (Swamp:2)
  A swamp drake (Swamp:4)
  2 iguanas (Lair:6)
  A briar patch (Swamp:4)
  39 foxfires
  31 fungi
  84 plants
164 creatures vanquished.

Grand Total: 1016 creatures vanquished

Notes
Turn   | Place    | Note
-------+----------+-------------------------------------------
     0 | D:1      | MartinH the Minotaur Fighter began the quest for the Orb.
     0 | D:1      | Reached XP level 1. HP: 19/19 MP: 0/0
   204 | D:1      | Reached XP level 2. HP: 25/27 MP: 1/1
  1198 | D:2      | Reached skill level 4 in Shields
  1198 | D:2      | Reached XP level 3. HP: 33/33 MP: 2/2
  1867 | D:2      | Reached XP level 4. HP: 40/40 MP: 3/3
  1997 | D:3      | Noticed Sigmund
  2300 | D:3      | Reached skill level 1 in Dodging
  2304 | D:3      | Reached XP level 5. HP: 32/47 MP: 4/4
  2572 | D:3      | Found a white marble altar of Elyvilon.
  2978 | D:3      | Found an ornate altar of the Wu Jian Council.
  2981 | D:3      | Found a sparkling altar of Nemelex Xobeh.
  3075 | D:3      | Killed Sigmund
  3076 | D:3      | Reached skill level 5 in Armour
  3076 | D:3      | Reached skill level 5 in Shields
  3076 | D:3      | Reached XP level 6. HP: 50/53 MP: 5/5
  3082 | D:3      | Reached skill level 5 in Axes
  3180 | D:3      | Found a hazy altar of Hepliaklqana.
  3609 | D:4      | Reached XP level 7. HP: 53/60 MP: 6/6
  3689 | D:4      | Reached skill level 5 in Fighting
  3806 | D:4      | Found a large runed translucent door.
  3808 | D:4      | Found a large runed translucent door.
  3808 | D:4      | Noticed Borgoz's ghost (amateur GrGl)
  3840 | D:4      | Killed Borgoz's ghost
  4084 | D:4      | Gained mutation: Scrolls take you a little longer to read.
                  | [potion of mutation]
  4084 | D:4      | Gained mutation: Your body sometimes deteriorates upon
                  | taking damage. [potion of mutation]
  4084 | D:4      | Gained mutation: Your system is resistant to poisons.
                  | (rPois) [potion of mutation]
  4249 | D:4      | Reached skill level 6 in Shields
  4320 | D:5      | Entered Level 5 of the Dungeon
  4474 | D:5      | Noticed Blork the orc
  4488 | D:5      | Killed Blork the orc
  4699 | D:5      | Reached XP level 8. HP: 69/69 MP: 7/7
  4701 | D:5      | Found an iron altar of Okawaru.
  4753 | D:5      | Found a shimmering blue altar of Sif Muna.
  5083 | D:6      | Reached skill level 7 in Shields
  5345 | D:6      | Found Rops's General Store.
  5353 | D:6      | Bought a scroll of identify for 22 gold pieces
  5353 | D:6      | Bought 2 potions of curing for 66 gold pieces
  5353 | D:6      | Bought a scroll of teleportation for 33 gold pieces
  5424 | D:6      | Found the ring of the Tortoise {AC+8}
  5487 | D:6      | Found a shimmering blue altar of Sif Muna.
  5672 | D:7      | Found a staircase to the Ecumenical Temple.
  5681 | Temple   | Entered the Ecumenical Temple
  5921 | D:7      | Reached skill level 8 in Shields
  5923 | D:7      | Reached XP level 9. HP: 45/75 MP: 8/8
  6670 | D:8      | Found Wousugam's Jewellery Shop.
  6762 | D:8      | Found a staircase to the Lair.
  6781 | D:8      | Reached skill level 9 in Shields
  7077 | D:8      | Reached skill level 10 in Axes
  7085 | D:8      | Noticed a two-headed ogre
  7190 | D:8      | Reached skill level 10 in Shields
  7195 | D:8      | Killed a two-headed ogre
  7196 | D:8      | Reached XP level 10. HP: 86/86 MP: 9/9
  7295 | Temple   | Became a worshipper of Trog the Wrathful
  7417 | D:8      | Noticed Pikel
  7455 | D:8      | Killed Pikel
  7531 | D:8      | Found a bloodstained altar of Trog.
  7589 | D:9      | Noticed a two-headed ogre
  7595 | D:9      | Killed a two-headed ogre
  7641 | D:9      | Reached skill level 11 in Shields
  7783 | D:9      | Found a flagged portal.
  7820 | D:9      | Reached * piety under Trog
  7829 | D:9      | Found a basalt altar of Yredelemnul.
  7850 | Bailey   | Entered a bailey
  7926 | Bailey   | Found a bloodstained altar of Trog.
  8066 | D:8      | Bought a +6 ring of strength for 643 gold pieces
  8099 | D:9      | Found Kuhohol's Book Boutique.
  8255 | D:9      | Reached XP level 11. HP: 94/94 MP: 10/10
  8267 | D:9      | Reached skill level 12 in Shields
  8311 | D:9      | Found a staircase to the Orcish Mines.
  8318 | D:9      | Reached ** piety under Trog
  8971 | Lair:1   | Entered Level 1 of the Lair of Beasts
  9712 | Lair:2   | Found a runed translucent gate.
  9712 | Lair:2   | Found a runed translucent gate.
  9712 | Lair:2   | Noticed Borgoz's ghost (journeyman GrGl)
  9713 | Lair:2   | Found a runed translucent gate.
  9716 | Lair:2   | Noticed a 13-headed hydra
  9787 | Lair:2   | Reached skill level 13 in Shields
 10173 | Lair:2   | Reached *** piety under Trog
 10205 | Lair:2   | Reached skill level 5 in Dodging
 10361 | Lair:2   | Reached XP level 12. HP: 97/104 MP: 11/11
 11088 | Lair:3   | Noticed an eight-headed hydra
 11098 | Lair:3   | Killed a 12-headed hydra
 11099 | Lair:3   | Reached skill level 14 in Shields
 11181 | Lair:3   | Reached **** piety under Trog
 11321 | Lair:3   | Noticed a six-headed hydra
 11332 | Lair:3   | Killed a ten-headed hydra
 11333 | Lair:3   | Reached skill level 10 in Fighting
 11561 | Lair:3   | Got a translucent leather armour
 11572 | Lair:3   | Identified the cursed +0 leather armour of the Thinker
                  | {Dex+5} (You found it on level 3 of the Lair of Beasts)
 12178 | Lair:4   | Reached skill level 15 in Axes
 12291 | Lair:4   | Found a staircase to the Swamp.
 12471 | Lair:4   | Reached skill level 15 in Shields
 12527 | Lair:4   | Noticed a death yak
 12547 | Lair:4   | Noticed a death yak
 12562 | Lair:4   | Killed a death yak
 12563 | Lair:4   | Reached XP level 13. HP: 114/114 MP: 12/12
 12662 | Lair:4   | Found a white marble altar of Elyvilon.
 12739 | Lair:4   | Reached ***** piety under Trog
 13317 | Lair:4   | Found a hole to the Spider Nest.
 14170 | Lair:2   | Killed Borgoz's ghost
 15098 | Lair:5   | Reached skill level 10 in Armour
 15315 | Lair:6   | Entered Level 6 of the Lair of Beasts
 15504 | Lair:6   | Reached skill level 1 in Evocations
 15522 | Lair:6   | Noticed Sonja
 15523 | Lair:6   | Reached XP level 14. HP: 106/129 MP: 13/13
 15816 | Lair:6   | Found a staircase to the Slime Pits.
 15819 | Lair:6   | Killed Sonja
 15981 | Lair:6   | Received a gift from Trog
 15999 | Lair:6   | Noticed Josephine
 16006 | Lair:6   | Killed Josephine
 16629 | Lair:6   | Reached skill level 15 in Fighting
 17136 | Lair:6   | Reached skill level 10 in Dodging
 17309 | Lair:6   | Got a brightly glowing ring mail
 17320 | Lair:6   | Identified the cursed +1 ring mail "Keduut" {rPois rC+
                  | Int+3} (You found it on level 6 of the Lair of Beasts)
 17433 | Swamp:1  | Entered Level 1 of the Swamp
 17952 | Swamp:1  | Noticed a thorn hunter
 17960 | Swamp:1  | Noticed Donald
 18048 | Lair:4   | HP: 9/204 [13-headed hydra (4)]
 18224 | Swamp:1  | Killed Donald
 18382 | Swamp:1  | Killed a thorn hunter
 18383 | Swamp:1  | Reached XP level 15. HP: 72/144 MP: 14/14
 18405 | Lair:4   | Received a gift from Trog
 18521 | Swamp:1  | Noticed Roxanne
 19053 | Swamp:2  | Identified a scroll of acquirement
 19055 | Swamp:2  | Acquired a manual of Axes
 19470 | Swamp:2  | Lost mutation: Scrolls take you a little longer to read.
                  | [potion of mutation]
 19470 | Swamp:2  | Lost mutation: Your body sometimes deteriorates upon taking
                  | damage. [potion of mutation]
 19470 | Swamp:2  | Lost mutation: Your system is resistant to poisons. (rPois)
                  | [potion of mutation]
 19470 | Swamp:2  | Gained mutation: You have an increased reservoir of magic.
                  | (+10% MP) [potion of mutation]
 19470 | Swamp:2  | Gained mutation: You are dopey. (Int -2) [potion of
                  | mutation]
 19470 | Swamp:2  | Gained mutation: Your spells are a little harder to cast,
                  | but a little more powerful. [potion of mutation]
 19470 | Swamp:2  | Gained mutation: You expend magic power (3 MP) to
                  | strengthen your wands. [potion of mutation]
 19552 | Swamp:2  | Identified the cursed +3 mace of Uskayaw's Castigation
                  | {venom, Dex+4 Stlth-}
 19696 | Swamp:2  | Reached skill level 16 in Shields
 19816 | Swamp:2  | Noticed Louise
 19826 | Swamp:2  | Killed Louise
 20309 | Swamp:2  | Received a gift from Trog
 20319 | Swamp:2  | Reached skill level 17 in Shields
 21139 | Swamp:3  | Noticed a thorn hunter
 21142 | Swamp:3  | Found a transporter.
 21142 | Swamp:3  | Noticed a tentacled monstrosity
 21144 | Swamp:3  | Noticed a tentacled monstrosity
 21147 | Swamp:3  | Noticed a fenstrider witch
 21149 | Swamp:3  | Found a transporter.
 21452 | Swamp:3  | Reached XP level 16. HP: 152/152 MP: 16/16
 21455 | Swamp:3  | Killed a thorn hunter
 21459 | Swamp:3  | Killed a tentacled monstrosity
 21461 | Swamp:3  | Reached skill level 18 in Shields
 21461 | Swamp:3  | Killed a tentacled monstrosity
 21505 | Swamp:3  | Got a spiked cloak
 21516 | Swamp:3  | Identified the cursed +0 cloak of Ufuciufy {rN+ Str+5} (You
                  | found it on level 3 of the Swamp)
 22165 | Swamp:4  | Entered Level 4 of the Swamp
 22382 | Swamp:4  | Reached skill level 19 in Shields
 22541 | Swamp:4  | Noticed a thorn hunter
 22554 | Swamp:4  | Killed a thorn hunter
 22582 | Swamp:4  | Received a gift from Trog
 22769 | Swamp:4  | Found a runed translucent gate.
 22769 | Swamp:4  | Found a runed translucent gate.
 22769 | Swamp:4  | Found a runed translucent gate.
 22771 | Swamp:4  | Noticed p0werm0de's ghost (journeyman DDFi)
 22807 | Swamp:4  | Killed p0werm0de's ghost
 23047 | Swamp:4  | Reached skill level 20 in Shields
 23281 | Swamp:4  | Noticed a thorn hunter
 23339 | Swamp:4  | Killed a thorn hunter
 23447 | Swamp:4  | Got a decaying rune of Zot
 25203 | Spider:1 | Entered Level 1 of the Spider Nest
 25231 | Lair:4   | Reached XP level 17. HP: 87/162 MP: 17/17
 25446 | Spider:1 | Received a gift from Trog
 26352 | Spider:2 | Reached skill level 21 in Shields
 26388 | Spider:2 | Received a gift from Trog
 26733 | Spider:2 | Noticed Arachne
 26754 | Spider:2 | Killed Arachne
 27885 | Spider:3 | Noticed Kirke
 27899 | Spider:3 | Lost intelligence.
 27902 | Spider:3 | HP: 4/163 [something (6)]
 27903 | Spider:3 | HP: 1/163 [something (11)]
 27903 | Spider:3 | Slain by a ghost moth

Illustrated notes

Levels and vault maps discovered:
D:1:      giann_bridges, layout_loops_ring, roderic_lattice_a
D:2:      layout_basic
D:3:      layout_loops_cross, lemuel_coloured_pillars_altar,
          nicolae_overflow_hidden_temple, uniq_sigmund
D:4:      layout_rooms, ebering_ghost_disaster_area, kennysheep_generic_room_13
D:5:      layout_basic, okawaru_altar_gauntlet_db, basic_altar,
          hangedman_abyss_or_decor_stabs, uniq_blork_the_orc
D:6:      layout_rooms, kennysheep_little_box, serial_shops,
          nicolae_shop_statue_plus, serial_corexii_hall, corexii_hall_statues_t,
          corexii_hall_statues_x, corexii_hall_statues_l,
          chequers_hall_statues_wall_a
D:7:      layout_gridville, minmay_temple_entry_mini_moons
D:8:      layout_basic, dpeg_oklobed_lair, serial_shops, shop, trog_book,
          uniq_pikel
D:9:      layout_basic, david_orc_1_choice, basic_altar, enter_bailey_2,
          serial_shops, shop
Temple:   nicolae_temple_elliptical
Lair:1:   layout_gridlike, chequers_serial_rivers_micro_d, grunt_megastairs_3
Lair:2:   layout_long_grid, gammafunk_ghost_hydra_chop, beast_lair_carwin_10
Lair:3:   layout_long_grid, serial_bayou_pond_c, grunt_forest_large_clearings
Lair:4:   beast_lair_carwin_large_4, layout_cave_pods,
          nicolae_swamp_entry_splash_gauntlet, spider_nest_entry_funnel_web,
          basic_altar, dpeg_oklob_1
Lair:5:   layout_cave_pods
Lair:6:   guppyfry_lair_end_dragon, layout_big_grid,
          hangedman_lair_caniforms_friends, minmay_slime_entry_pillars,
          uniq_sonja, uniq_josephine
Swamp:1:  layout_basic_swamp, evilmike_swamp_ruin_house_3, swamp_pool3,
          infiniplex_staircase_pool, uniq_donald, uniq_roxanne
Swamp:2:  nzn_winding_woodlands_medium [nzn_winding_woodlands_5x5_closed_star,
          nzn_winding_woodlands_5x15_eye,
          nzn_winding_woodlands_5x5_checkerboard,
          nzn_winding_woodlands_5x5_three,
          nzn_winding_woodlands_center_pierced_h,
          nzn_winding_woodlands_5x5_perimeter, nzn_winding_woodlands_5x5_cross,
          nzn_winding_woodlands_5x15_cabin,
          nzn_winding_woodlands_5x5_open_star], layout_falls_marsh,
          nicolae_swamp_orc_logging_accident, uniq_louise
Swamp:3:  gammafunk_sealed_arena, layout_basic_swamp,
          nicolae_swamp_triple_paths, swamp_pool4
Swamp:4:  swamp_alternative, layout_basic_swamp, gammafunk_ghost_necromancy,
          swamp_pool2
Spider:1: layout_spider_delve, drop_trap
Spider:2: layout_chambers, nicolae_spider_cling_ruins, uniq_arachne
Spider:3: gammafunk_boulding_lane, spiders_nest_the_unseen, uniq_kirke

Skill      XL: |  1  2  3  4  5  6  7  8  9 10 11 12 13 14 15 16 17 |
---------------+----------------------------------------------------+-----
Armour         | 4 5 6 7 8 10 11 | 11.7
Fighting       | 4 5 6 7 8 9 10 13 16 17 | 17.9
Shields        | 4 5 6 8 10 11 13 15 17 20 21 | 21.8
Axes           | 3 4 5 6 8 10 12 13 15 17 | 17.9
Dodging        | 1 2 3 4 5 6 8 10 11 | 11.1
Evocations     | 1 2 3 |  3.0
Maces & Flails | |  0.2
Stealth        | |  0.5

Action                   |  1- 3 |  4- 6 |  7- 9 | 10-12 | 13-15 | 16-18 || total
-------------------------+-------+-------+-------+-------+-------+-------++-------
Melee: War axe           |   105 |   111 |   368 |   562 |   274 |       ||  1420
       Headbutt          |    11 |    11 |    60 |   141 |   273 |   131 ||   627
       Whip              |       |       |       |    12 |       |       ||    12
       Battleaxe         |       |       |       |     8 |       |       ||     8
       Broad axe         |       |       |       |       |   697 |   478 ||  1175
Invok: Berserk           |       |       |       |     3 |     8 |     1 ||    12
       Trog's Hand       |       |       |       |       |     4 |     2 ||     6
       Brothers in Arms  |       |       |       |       |     4 |     1 ||     5
Evoke: Wand              |       |       |       |       |     4 |    53 ||    57
       Lightning rod     |       |       |       |       |       |     1 ||     1
       Tin of tremorston |       |       |       |       |       |     1 ||     1
  Use: Scroll            |     6 |     2 |     4 |    13 |    10 |     5 ||    40
       Potion            |       |     7 |     3 |     1 |     9 |    11 ||    31
Armor: Scale mail        |    58 |    60 |   165 |   215 |   189 |       ||   687
       Skin              |       |    36 |       |       |       |       ||    36
       Ring mail         |       |       |       |       |    84 |       ||    84
       Chain mail        |       |       |       |       |    26 |       ||    26
       Plate armour      |       |       |       |       |   166 |   326 ||   492
Dodge: Dodged            |    39 |    35 |   138 |   241 |   495 |   192 ||  1140
Block: Kite shield       |    43 |    71 |   214 |   380 |   579 |       ||  1287
       Tower shield      |       |       |       |       |   342 |   651 ||   993
       Reflection        |       |       |       |       |     7 |    19 ||    26

Table legend: (Time is in decaauts)
 A = Elapsed time spent in this place.
 B = Non-inter-level travel time spent in this place.
 C = Inter-level travel time spent in this place.
 D = Time resting spent in this place.
 E = Time spent auto-exploring this place.
 F = Levels seen in this place.
 G = Mean time per level.
                   A        B        C        D        E       F      G
               +--------+--------+--------+--------+--------+-----+--------+
         Total |  28441 |  24890 |   3551 |   5440 |  13236 |  24 | 1185.0 |
       Dungeon |   8918 |   7939 |    979 |    716 |   5266 |   9 |  990.9 |
        Temple |    171 |    106 |     65 |      0 |    104 |   1 |  171.0 |
          Lair |  10421 |   8660 |   1761 |   2530 |   4027 |   6 | 1736.8 |
         Swamp |   6405 |   5777 |    628 |   1740 |   2570 |   4 | 1601.2 |
   Spider Nest |   2423 |   2307 |    116 |    453 |   1267 |   3 |  807.7 |
        Bailey |    102 |    102 |      0 |      0 |      0 |   1 |  102.0 |
               +--------+--------+--------+--------+--------+-----+--------+

Top non-repeatable levels by time:
  Lair:4: 4124 daAuts
 Swamp:2: 2164 daAuts
 Swamp:4: 2080 daAuts
  Lair:6: 1775 daAuts
     D:2: 1497 daAuts
Spider:2: 1490 daAuts
  Lair:2: 1486 daAuts
 Swamp:3: 1392 daAuts
     D:3: 1228 daAuts
     D:9: 1183 daAuts
  Lair:5: 1165 daAuts
  Lair:3: 1133 daAuts
     D:7: 1031 daAuts
     D:8: 959 daAuts
     D:1: 919 daAuts
